AoeStats
← MrLuck7

Arabia

503695916Analyzed
4v4 RM · 1mo ago on Sep 1, 2026· 41m 4s· 8 players
Game mode
Random Map
Map size
Large (8 player)
Population
200
Speed
Normal
Resources
Standard
Victory
Conquest
Starting age
Dark Age
Ending age
Imperial Age
RankedLock teamsTeams togetherTeam positionsShared explorationLock speedFull tech treeHidden civsTurbo modeCheats
Victory
Defeat
🇨🇳 Vietnamese · China
877
+22
🇨🇱 Aztecs · Chile
820
+11
🇺🇸 Persians · United States
812
+11
🇵🇪 Sicilians · Peru
790
+12
🇨🇱 Franks · Chile
982
-50
🇨🇱 Japanese · Chile
624
-9
🇨🇱 Spanish · Chile
610
-9
🇨🇱 Franks · Chile
610
-9
Dremora
8:52 Loom
14:05 Feudal Age
14:30 Horse Collar
15:37 Double-Bit Axe
17:14 Man-at-Arms
18:12 Forging
18:02 Scale Mail Armor
17:55 Fletching
18:10 Padded Archer Armor
21:21 Gold Mining
21:22 Stone Mining
26:02 Castle Age
26:23 Eagle Warrior
26:27 Crossbowman
28:10 Long Swordsman
28:11 Pikeman
29:50 Caravan
32:02 Heavy Plow
32:39 Wheelbarrow
31:49 Town Watch
32:17 Bow Saw
34:27 Gold Shaft Mining
34:28 Stone Shaft Mining
35:33 Squires
36:55 Elite Skirmisher
41:29 Imperial Age
39:25 Hand Cart
41:33 Ballistics
ianxpresso
5:15 Loom
16:50 Feudal Age
17:05 Man-at-Arms
22:10 Wheelbarrow
22:49 Horse Collar
22:57 Double-Bit Axe
26:43 Castle Age
27:04 Wheelbarrow
27:37 Bow Saw
27:26 Pikeman
27:31 Elite Skirmisher
28:49 Heavy Plow
32:07 Hand Cart
33:18 Town Watch
33:47 Gold Mining
33:49 Stone Mining
34:56 Town Patrol
35:43 Gold Shaft Mining
Mihono Bourbon
4:59 Loom
11:25 Feudal Age
11:32 Feudal Age
16:52 Double-Bit Axe
17:05 Gold Mining
17:01 Horse Collar
21:20 Castle Age
22:07 Wheelbarrow
23:00 Bow Saw
22:51 Elite Skirmisher
25:02 Fletching
27:53 Hand Cart
27:23 Town Watch
28:48 Padded Archer Armor
28:43 Bodkin Arrow
29:01 Thumb Ring
32:31 Ballistics
32:32 Leather Archer Armor
34:04 Caravan
34:42 Town Patrol
40:47 Imperial Age
41:19 Stone Mining
0204isaias
0:40 Loom
11:36 Feudal Age
12:16 Double-Bit Axe
12:14 Horse Collar
20:31 Castle Age
19:34 Gold Mining
21:31 Forging
21:30 Heavy Plow
22:41 Gold Shaft Mining
23:10 Iron Casting
22:42 Scale Barding Armor
23:59 Bloodlines
23:50 Husbandry
26:20 Chain Barding Armor
26:57 Bloodlines
27:33 Husbandry
30:13 Light Cavalry
33:21 Wheelbarrow
33:05 Town Watch
Danphont
12:26 Feudal Age
13:48 Arson
14:42 Double-Bit Axe
14:53 Man-at-Arms
23:36 Forging
24:08 Padded Archer Armor
24:19 Town Watch
26:05 Scale Barding Armor
31:46 Castle Age
33:45 Long Swordsman
34:11 Gambesons
MrLuck7
6:36 Loom
12:08 Feudal Age
12:47 Double-Bit Axe
13:45 Wheelbarrow
12:59 Town Watch
18:51 Stone Mining
24:44 Arson
Chupalla
11:25 Feudal Age
24:21 Double-Bit Axe
34:04 Castle Age
32:27 Gold Mining
35:30 Scale Barding Armor
35:37 Forging
35:36 Husbandry
38:53 Chain Barding Armor
39:19 Iron Casting
Snow Mun
4:21 Loom
11:23 Feudal Age
14:59 Horse Collar
15:11 Double-Bit Axe
21:17 Castle Age
23:52 Scale Mail Armor
24:02 Forging
26:32 Heavy Plow
26:29 Gold Mining
26:32 Stone Mining
28:52 Crossbowman
31:37 Bow Saw
32:12 Wheelbarrow
Connection lost

Rejoining the realm…

Still unreachable

The connection could not be restored.

Session expired

The server has moved on; the page needs a fresh start.